 Dungeon Crawl Stone Soup version 0.27-a0-1456-gf5a116941d (webtiles) character file.

Game seed: 8317012536681911964

766 robertstho the Magician (level 7, -1/36 HPs)
             Began as a Deep Elf Fire Elementalist on July 6, 2021.
             Slain by an orc wizard (2 damage)
             ... on level 5 of the Dungeon.
             The game lasted 00:07:21 (5896 turns).

robertstho the Magician (DEFE)                      Turns: 5896, Time: 00:07:22

Health: -1/36      AC:  2    Str: 12    XL:     7   Next: 52%
Magic:  16/19      EV: 12    Int: 22    God:
Gold:   300        SH:  6    Dex: 15    Spells: 11/19 levels left

rFire    . . .     SeeInvis .   i - +0 short sword
rCold    . . .     Faith    .   q - +3 buckler of Tubruocori {Will+ Str+7}
rNeg     . . .     Spirit   .   a - +0 robe
rPois    .         Reflect  .   (no helmet)
rElec    .         Harm     .   (no cloak)
rCorr    .         Rampage  .   (no gloves)
Will     +....                  (no boots)
Stlth    ++........             s - amulet of the acrobat
HPRegen  0.12/turn              l - ring of flight
MPRegen  0.16/turn              (no ring)

@: about to teleport, flying
A: no striking features
a: no special abilities


You were on level 5 of the Dungeon.
You visited 1 branch of the dungeon, and saw 5 of its levels.

You collected 300 gold pieces.

Inventory:

Hand Weapons
 i - a +0 short sword (weapon)
 u - a +2 dagger of holy wrath
Missiles
 k - 2 atropa-tipped darts
Armour
 a - a +0 robe (worn)
 q - the +3 buckler of Tubruocori (worn) {Will+ Str+7}
   (You found it on level 4 of the Dungeon)

   Str:       It affects your strength (+7).
   Will:      It increases your willpower.
Jewellery
 l - a ring of flight (left hand)
 s - an amulet of the acrobat (around neck)
Scrolls
 b - a scroll of teleportation
 c - a scroll of holy word {unknown}
 g - 3 scrolls of identify {unknown}
 j - a scroll of enchant weapon {unknown}
 m - a scroll of magic mapping {unknown}
 n - 2 scrolls of enchant armour {unknown}
 r - a scroll of fog {unknown}
 t - a scroll of blinking {unknown}
Potions
 d - a potion of heal wounds {unknown}
 e - a potion of curing
 f - 3 potions of flight
 h - a potion of magic {unknown}
 o - a potion of mutation {unknown}
 p - a potion of degeneration {unknown}


   Skills:
 + Level 3.2 Dodging
 + Level 3.6 Stealth
 * Level 6.7 Spellcasting
 * Level 4.0 Conjurations
 * Level 6.6 Fire Magic


You had 11 spell levels left.
You knew the following spells:

 Your Spells              Type           Power      Damage    Failure   Level
a - Foxfire               Conj/Fire      100%       2x1d9     1%          1
b - Conjure Flame         Conj/Fire      30%        6-21      4%          3
c - Sticky Flame          Conj/Fire      30%        2d5       16%         4

Your spell library contained the following spells:

 Spells                   Type           Power      Damage    Failure   Level
 Inner Flame              Hex/Fire       22%        N/A       11%         3
 Ignite Poison            Fire/Tmut/Pois 17%        N/A       17%         3
 Fireball                 Conj/Fire      15%        3d8       41%         5


Dungeon Overview and Level Annotations

Branches:
Dungeon (5/15)
 Temple: D:4-7

Altars:
Ru
Yredelemnul


Message History

The orc priest calls down the wrath of Beogh upon you.
Beogh smites you!
The orc priest calls down the wrath of Beogh upon you.
Beogh smites you!
* * * LOW HITPOINT WARNING * * *
The foxfire hits the white imp!
The white imp is burned terribly!
You kill the white imp!
The foxfire hits the orc priest.
The orc priest is moderately wounded.
The foxfire hits the orc priest.
The orc priest is heavily wounded.
It was a potion of flight.
You feel more buoyant.
The orc priest calls down the wrath of Beogh upon you.
Beogh smites you!
* * * LOW HITPOINT WARNING * * *
It was a potion of curing.
You feel better.
As you read the scroll labelled NEETHY DURABICOC, it crumbles to dust.
You feel strangely unstable.
It was a scroll of teleportation.
Your surroundings suddenly seem different.
An orc comes into view. It is wielding a +0 trident.
The orc shouts!
An orc priest comes into view. It is wielding a +0 mace.
The orc priest shouts!
An orc wizard comes into view.
It is wielding a +0 dagger and wearing a +2 robe of willpower.
The orc wizard shouts!
An orc comes into view. It is wielding a +0 flail.
The orc shouts!
An orc comes into view. It is wielding a +0 vorpal hand axe.
The orc shouts! x2
The orc priest mumbles some strange prayers to Beogh against you.
Pain shoots through your body!
* * * LOW HITPOINT WARNING * * *
You block the orc's attack. The orc wizard completely misses you.
Found a club.
An orc wizard comes into view. It is wielding a +0 dagger.
As you read the scroll of teleportation, it crumbles to dust.
You feel strangely unstable. The orc closely misses you.
The orc wizard hits you with a +0 dagger.
You die...

#.# ..#####
#.##...##
#..o..##
.......##
#####..#
#.......# ##..o#
#..o....#
###...##...o...#
##..o.ooo..##
##.o.o...#
#..o@...#
#.......#
##.....##
##...## #####


You could see 2 orc priests, 2 orc wizards and 5 orcs.

Vanquished Creatures
  A necrophage (D:4)
  A phantom (D:5)
  A scorpion (D:4)
  A howler monkey (D:5)
  A bullfrog zombie (D:5)
  2 hounds
  A centaur zombie (D:5)
  A gnoll shaman (D:4)
  2 orc priests (D:5)
  A bullfrog skeleton (D:5)
  2 iguanas (D:5)
  3 orc wizards
  5 gnolls (D:4)
  2 adders
  A white imp (D:5)
  A dart slug (D:3)
  9 orcs
  13 ball pythons
  2 endoplasms
  2 giant cockroaches
  7 goblins
  9 hobgoblins
  A quokka (D:1)
  5 bats (D:1)
  2 frilled lizards (D:1)
  5 kobolds
  3 rats
84 creatures vanquished.

Vanquished Creatures (collateral kills)
  A foxfire (D:3)
1 creature vanquished.

Vanquished Creatures (others)
  404 foxfires
  6 plants (D:4)
410 creatures vanquished.

Grand Total: 495 creatures vanquished

Notes
Turn   | Place    | Note
-------+----------+-------------------------------------------
     0 | D:1      | robertstho the Deep Elf Fire Elementalist began the quest
                  | for the Orb.
     0 | D:1      | Reached XP level 1. HP: 10/10 MP: 6/6
   287 | D:1      | Reached XP level 2. HP: 15/15 MP: 0/8
  1403 | D:2      | Reached XP level 3. HP: 19/19 MP: 7/10
  1520 | D:2      | Found a faded altar of an unknown god.
  1576 | D:2      | Learned a level 3 spell: Conjure Flame
  3079 | D:3      | Found a sacrificial altar of Ru.
  3265 | D:3      | Reached XP level 4. HP: 24/24 MP: 4/12
  3531 | D:3      | Found a basalt altar of Yredelemnul.
  3836 | D:4      | Noticed an ogre
  4004 | D:4      | Learned a level 4 spell: Sticky Flame
  4232 | D:4      | Noticed a necrophage
  4239 | D:4      | Killed a necrophage
  4240 | D:4      | Reached skill level 5 in Spellcasting
  4240 | D:4      | Reached XP level 5. HP: 21/28 MP: 7/14
  4440 | D:4      | Identified the +3 buckler of Tubruocori {Will+ Str+7}
  4641 | D:4      | Reached skill level 5 in Fire Magic
  4646 | D:4      | Reached XP level 6. HP: 32/32 MP: 6/16
  4916 | D:5      | Entered Level 5 of the Dungeon
  5487 | D:5      | Reached XP level 7. HP: 36/36 MP: 12/18
  5887 | D:5      | HP: 1/36 [orc priest/divine providence (11)]
  5895 | D:5      | HP: 1/36 [orc priest/nerve-wracking pain (12)]
  5896 | D:5      | Slain by an orc wizard

Illustrated notes

Levels and vault maps discovered:
D:1:      scummos_arrival_simple_fountains, layout_loops_ring
D:2:      layout_loops_corners, hellmonk_ecumenical_altar_zigzags
D:3:      layout_loops_cross, yredelemnul_altar_generic, hangedman_ru_absence,
          grunt_ministairs_14, kennysheep_nondescript,
          chequers_serial_rivers_micro_c
D:4:      layout_basic, serial_bayou_ford_a
D:5:      layout_rooms

Skill      XL: |  1  2  3  4  5  6  7 |
---------------+----------------------+-----
Spellcasting   | 4 5 6 |  6.7
Fire Magic     | 4 5 6 |  6.6
Conjurations   | 2 3 4 |  4.0
Stealth        | 3 |  3.6
Dodging        | 3 |  3.2

Action                   |  1- 3 |  4- 6 |  7- 9 || total
-------------------------+-------+-------+-------++-------
 Cast: Foxfire           |   153 |    73 |    44 ||   270
       Conjure Flame     |       |     1 |       ||     1
       Sticky Flame      |       |     2 |       ||     2
  Use: Scroll            |       |       |     2 ||     2
       Potion            |       |       |     2 ||     2
Armor: Robe              |     2 |     1 |       ||     3
Dodge: Dodged            |    14 |    13 |     4 ||    31
Block: Buckler           |       |     3 |     2 ||     5

Table legend: (Time is in decaauts)
 A = Elapsed time spent in this place.
 B = Non-inter-level travel time spent in this place.
 C = Inter-level travel time spent in this place.
 D = Time resting spent in this place.
 E = Time spent auto-exploring this place.
 F = Levels seen in this place.
 G = Mean time per level.
                   A        B        C        D        E       F      G
               +--------+--------+--------+--------+--------+-----+--------+
         Total |   5899 |   5564 |    335 |    228 |   4662 |   5 | 1179.8 |
       Dungeon |   5899 |   5564 |    335 |    228 |   4662 |   5 | 1179.8 |
               +--------+--------+--------+--------+--------+-----+--------+

Top non-repeatable levels by time:
     D:4: 1403 daAuts
     D:1: 1400 daAuts
     D:2: 1381 daAuts
     D:3: 1114 daAuts
     D:5: 599 daAuts
